 Dungeon Crawl Stone Soup version 0.28.0-47-ge53b351184 (webtiles) character file.

Game seed: 7722071840359817771

508 Exodus22XD the Chopper (level 6, -3/56 HPs)
             Began as a Minotaur Fighter on May 7, 2022.
             Slain by a scorpion (6 damage)
             ... in the Ecumenical Temple.
             The game lasted 00:02:44 (3837 turns).

Exodus22XD the Chopper (Minotaur Fighter)           Turns: 3837, Time: 00:02:45

Health: -3/56      AC:  3    Str: 22    XL:     6   Next: 98%
Magic:  5/5        EV:  7    Int:  5    God:
Gold:   173        SH:  4    Dex: 10    Spells: 5/5 levels left

rFire   . . .      SeeInvis .   o - +2 hand axe (vamp)
rCold   . . .      Faith    .   c - +0 buckler
rNeg    . . .      Spirit   .   p - +0 chain mail
rPois   .          Reflect  .   (helmet restricted)
rElec   .          Harm     .   e - +0 cloak
rCorr   .          Rampage  .   (no gloves)
Will    .....                   (no boots)
Stlth   ..........              (no amulet)
HPRegen 0.18/turn               (no ring)
MPRegen 0.09/turn               (no ring)

@: lethally poisoned (-3 -> -12), corroded
A: horns 2, retaliatory headbutt
a: no special abilities


You were in the Ecumenical Temple.
You visited 2 branches of the dungeon, and saw 6 of its levels.

You collected 173 gold pieces.

Inventory:

Hand Weapons
 a - a +0 war axe
 h - a +1 whip of venom
 o - a +2 vampiric hand axe (weapon)
 t - a +0 trident of protection
Armour
 c - a +0 buckler (worn)
 e - a +0 cloak (worn)
 p - a +0 chain mail (worn)
Wands
 q - a wand of flame (9)
Scrolls
 b - a scroll of vulnerability {unknown}
 g - 2 scrolls of identify {unknown}
 i - a scroll of fear {unknown}
 j - 2 scrolls of blinking {unknown}
 k - a scroll of teleportation {unknown}
 s - a scroll of enchant weapon {unknown}
Potions
 d - a potion of might
 f - a potion of invisibility {unknown}
 l - 2 potions of cancellation {unknown}
 m - a potion of degeneration {unknown}
 n - a potion of ambrosia {unknown}
 r - a potion of curing {unknown}


   Skills:
 + Level 5.4 Fighting
 + Level 6.4 Axes
 + Level 5.4 Armour
 + Level 4.5 Shields


You had 5 spell levels left.
You didn't know any spells.
Your spell library was empty.

Dungeon Overview and Level Annotations

Branches:
Dungeon (5/15)             Temple (1/1) D:5

Altars:
Makhleb
Xom


Innate Abilities, Weirdness & Mutations

You have a pair of horns on your head.
You reflexively headbutt those who attack you in melee.


Message History

You hit the jelly. The acid corrodes you!
Your hands burn!
You headbutt the jelly, but do no damage.
The jelly is moderately wounded.
The jelly hits you but does no damage. The jelly hits you but does no damage.
The scorpion stings you!
You are poisoned.
The scorpion poisons you! The jelly hits you but does no damage.
Found 20 gold pieces.
You feel sick. You block the jelly's attack.
There is a staircase to the Ecumenical Temple here.
You can't go up here!
You feel sick. The jelly hits you but does no damage.
The scorpion stings you but does no damage.
The jelly hits you but does no damage.
You climb downwards.
Welcome to the Ecumenical Temple!
You feel sick.
There is a staircase back to the Dungeon here.
You hit the jelly.
You feel better.
Your hands burn!
The jelly is severely wounded.
You hit the jelly.
You feel better. The acid corrodes you!
Your hands burn!
You hit the scorpion.
You feel sick. The scorpion stings you.
The jelly barely misses you. x2; The scorpion stings you.
The jelly hits you.
You are splashed with acid!
* * * LOW HITPOINT WARNING * * *
Okay, then.
Found a burning altar of Makhleb.
You feel sick.
Found a shimmering altar of Xom.
You feel sick.
You feel sick. The scorpion stings you!
* * * LOW HITPOINT WARNING * * *
You are lethally poisoned!
The scorpion poisons you!
You hit the jelly.
Your hands burn!
* * * LOW HITPOINT WARNING * * *
You headbutt the jelly.
You kill the jelly!
You hit the jelly.
You feel better.
Your hands burn!
* * * LOW HITPOINT WARNING * * *
You barely miss the scorpion.
* * * LOW HITPOINT WARNING * * *
You feel very sick. The scorpion stings you.
You die...

#### ....#
....#####....#
......#....#
####........#
##.........###..
........<.......
..###.........#
##.J.s....####
#...@#.......
#....#####....
#..... ####
##.._.. ##.....
##.._.. ##...##
#.##


You could see a scorpion and a jelly.

Vanquished Creatures
  A sky beast (D:4)
  An ogre (D:3)
  A jelly (Temple)
  A bullfrog skeleton (D:3)
  Jessica (D:3)
  Ijyb (D:4)
  2 iguanas (D:4)
  Natasha (thrice) (D:3)
  4 adders
  An ufetubus (D:4)
  A worm (D:3)
  4 dart slugs
  9 orcs
  4 ball pythons
  7 endoplasms
  6 giant cockroaches
  4 goblins
  5 hobgoblins
  2 jackals (D:3)
  2 quokkas
  3 bats
  2 frilled lizards
  7 kobolds
  A quokka skeleton (D:4)
  6 rats
79 creatures vanquished.

Vanquished Creatures (others)
  A fungus (D:1)
  4 plants (D:2)
5 creatures vanquished.

Grand Total: 84 creatures vanquished

Notes
Turn   | Place    | Note
-------+----------+-------------------------------------------
     0 | D:1      | Exodus22XD the Minotaur Fighter began the quest for the
                  | Orb.
     0 | D:1      | Reached XP level 1. HP: 19/19 MP: 0/0
   234 | D:1      | Reached XP level 2. HP: 27/27 MP: 1/1
   447 | D:1      | Found a faded altar of an unknown god.
   860 | D:2      | Reached XP level 3. HP: 24/33 MP: 2/2
  1000 | D:2      | Reached skill level 3 in Axes
  1801 | D:3      | Noticed Jessica
  1808 | D:3      | Killed Jessica
  1809 | D:3      | Reached XP level 4. HP: 32/41 MP: 3/3
  1812 | D:3      | Reached skill level 4 in Axes
  1890 | D:3      | Noticed Natasha
  1896 | D:3      | Killed Natasha
  1897 | D:3      | Reached XP level 5. HP: 37/47 MP: 4/4
  2341 | D:3      | Noticed Natasha
  2351 | D:3      | Killed Natasha
  2445 | D:3      | Reached skill level 5 in Axes
  2483 | D:3      | Noticed Natasha
  2488 | D:3      | Killed Natasha
  2637 | D:3      | Noticed an ogre
  2644 | D:3      | Killed an ogre
  2645 | D:3      | Reached skill level 5 in Fighting
  2645 | D:3      | Reached XP level 6. HP: 38/56 MP: 5/5
  3167 | D:4      | Noticed a sky beast
  3178 | D:4      | Killed a sky beast
  3179 | D:4      | Reached skill level 6 in Axes
  3179 | D:4      | Reached skill level 5 in Armour
  3557 | D:4      | Noticed Ijyb
  3568 | D:4      | Killed Ijyb
  3825 | D:5      | Entered Level 5 of the Dungeon
  3825 | D:5      | Found a staircase to the Ecumenical Temple.
  3832 | Temple   | Entered the Ecumenical Temple
  3837 | Temple   | Slain by a scorpion

Illustrated notes

Levels and vault maps discovered:
D:1:      lightli_arrival_statuegarden, layout_basic,
          hellmonk_ecumenical_altar_run_dry, minivault_4,
          minmay_shallow_snake_nest
D:2:      layout_basic, serial_bayou, serial_bayou_lake_a, serial_bayou_shore_b,
          serial_bayou_ford_a, serial_bayou_pond_e
D:3:      layout_basic, st_stairs_13, minmay_door_square, uniq_jessica,
          uniq_natasha
D:4:      layout_basic, grunt_ministairs_14, uniq_ijyb
D:5:      layout_rooms, minmay_temple_entry_glass
Temple:   hc_temple_tempest_star

Skill      XL: |  1  2  3  4  5  6 |
---------------+-------------------+-----
Fighting       | 4 5 |  5.4
Shields        | 4 |  4.5
Armour         | 4 5 |  5.4
Axes           | 3 4 5 6 |  6.4

Action                   |  1- 3 |  4- 6 || total
-------------------------+-------+-------++-------
Melee: War axe           |    76 |    67 ||   143
       Headbutt          |     6 |    17 ||    23
       Hand axe          |       |    63 ||    63
Armor: Scale mail        |    45 |    34 ||    79
       Chain mail        |       |    36 ||    36
Dodge: Dodged            |    30 |    47 ||    77
Block: Buckler           |    16 |    21 ||    37
